 Dungeon Crawl Stone Soup version 0.14-a0-484-gae2d0ec (webtiles) character file.

8579 Malachi the Cleaver (level 11, -11/80 HPs)
             Began as a Vampire Berserker on Oct 31, 2013.
             Was a High Priest of Trog.
             Mangled by a hill giant
             ... wielding a +0,+0 giant club
              (20 damage)
             ... while paralysed by a giant eyeball
             ... on Level 11 of the Dungeon.
             The game lasted 00:26:36 (8156 turns).

Malachi the Cleaver (Vampire Berserker)             Turns: 8156, Time: 00:26:36

HP -11/80        AC 19     Str 19      XL: 11   Next:  1%
MP   0/12        EV  2     Int  9      God: Trog [*****.]
Gold 793         SH  0     Dex 13      Spells:  0 memorised, 10 levels left

Res.Fire  : . . .   See Invis. : +   n - +3,+5 orc hand axe (elec)
Res.Cold  : . . .   Warding    : .   u - +0 orc plate armour
Life Prot.: + . .   Conserve   : .   (no shield)
Res.Poison: .       Res.Corr.  : .   b - +0 helmet
Res.Elec. : .       Clarity    : .   F - +0 orc cloak
Sust.Abil.: . .     Spirit.Shd : +   y - +1 pair of orc gloves
Res.Mut.  : .       Stasis     : .   o - +0 pair of elf boots
Res.Rott. : .       Flight     : .   f - amulet of guardian spirit
Saprovore : . . .                    m - ring of teleport control
                                     C - ring of positive energy

@: paralysed, regenerating quickly, very slightly contaminated, hasted, somewhat
resistant to hostile enchantments, extremely unstealthy
A: bottle blood, fangs 3, see invisible, +10% mp, unbreathing
a: Bottle Blood, Burn Spellbooks, Berserk, Trog's Hand, Brothers in Arms,
Renounce Religion, Evoke Teleport Control


You were on level 11 of the Dungeon.
You worshipped Trog.
Trog was extremely pleased with you.
You were full.

You visited 1 branch of the dungeon, and saw 11 of its levels.
You also visited: Bailey.

You collected 793 gold pieces.

Inventory:

Hand weapons
 a - a +0,+0 hand axe
 n - a +3,+5 orcish hand axe of electrocution (weapon)
 q - a +0,+3 anti-magic battleaxe
 E - a +0,+4 anti-magic long sword
Missiles
 l - 38 tomahawks of returning (quivered)
Armour
 b - a +0 helmet (worn)
 o - a +0 pair of elven boots (worn)
 u - a +0 orcish plate armour (worn)
 y - a +1 pair of orcish gloves (worn)
 F - a +0 orcish cloak (worn)
Magical devices
 d - a wand of slowing (14)
 x - a wand of flame (3)
Scrolls
 c - 2 scrolls of identify
 g - 4 scrolls of remove curse
 i - 4 scrolls of enchant weapon I
 j - 4 scrolls of enchant armour
 k - 4 scrolls of recharging
 p - a scroll of enchant weapon II
 t - 2 scrolls of fog
 v - a scroll of teleportation
Jewellery
 e - an uncursed ring of wizardry
 f - an amulet of guardian spirit (around neck)
 m - a ring of teleport control (right hand)
 C - a ring of positive energy (left hand)
Potions
 h - a potion of berserk rage
 r - 2 potions of restore abilities
 s - 4 potions of curing
 z - a potion of speed
 B - 2 potions of agility


   Skills:
 + Level 5.2 Fighting
 * Level 12.9 Axes
 - Level 2.0 Throwing
 + Level 6.5 Armour
 - Level 2.1 Dodging


You had 10 spell levels left.
You didn't know any spells.

Dungeon Overview and Level Annotations

Branches:
Dungeon (11/27)            Temple (0/1) D:5             Orc (0/4) D:6
   Lair (0/8) D:10

Altars:
Cheibriados
Elyvilon
Nemelex Xobeh
Okawaru
Sif Muna
Trog
Vehumet
Xom

Shops:
D:7 *   D:10 (


Innate Abilities, Weirdness & Mutations

Your natural rate of healing is unusually fast.
You can bottle blood from corpses.
You have razor-sharp teeth.*
You have supernaturally acute eyesight.
You can survive without breathing.*
You have an increased reservoir of magic (+10% MP).+


Message History

A centaur comes into view.
Drink which item? (? for menu, Esc to quit)
You feel yourself speed up.
The soldier ant stings you but does no damage.
The yak gores you but does no damage. The ice beast barely misses you.
The giant eyeball stares at you.
You suddenly lose the ability to move!
The hill giant hits you with a giant club.
* * * LOW HITPOINT WARNING * * *
You are very lightly contaminated with residual magic.
The soldier ant stings you but does no damage.
The yak gores you.
* * * LOW HITPOINT WARNING * * *
The ice beast hits you.
* * * LOW HITPOINT WARNING * * *
The ice beast freezes you!
* * * LOW HITPOINT WARNING * * *
The yak gores you but does no damage.
The soldier ant stings you but does no damage.
The hill giant hits you with a giant club!
You die...

.## .........
..?..$.....
.............
#..............
..:..c....<....
.....YYYf....##
.......CaY.....#
.#....C@I...##
#.......(..#.#
...#..G.(..(.# .
#...<<<..##
#..?#######
#..#. ###.# #.


You could see a hill giant, a cyclops, 4 yaks, a soldier ant, an ice beast, an
active ballistomycete, a centaur and a giant eyeball.

Vanquished Creatures
  A hill giant (D:10)
  Grinder (D:3)
  A troll (D:9)
  6 yaks (D:9)
  Eustachio (D:5)
  A wraith (D:10)
  2 hungry ghosts
  Menkaure (D:7)
  7 orc warriors
  A necrophage (D:9)
  A black bear (D:9)
  3 ice beasts
  3 centaurs
  3 sky beasts
  3 ogres
  3 phantoms
  4 boring beetles (D:10)
  2 giant frogs
  A big kobold (D:10)
  A water moccasin (D:9)
  A gnoll sergeant (D:7)
  9 killer bees
  2 goliath beetles
  11 crimson imps
  3 quasits
  7 orc priests
  A jelly (D:9)
  2 hounds
  4 iguanas
  9 orc wizards
  An orange rat (D:9)
  4 scorpions
  10 worker ants
  A sky beast zombie (D:6)
  An ogre zombie (D:5)
  Jessica (D:3)
  12 gnolls
  10 adders
  3 green rats (D:9)
  An inept item mimic (D:2)
  6 worms
  An iguana zombie (D:9)
  4 grey rats (D:9)
  A giant eyeball (D:4)
  7 giant geckos
  An ooze (D:4)
  35 orcs
  14 bats
  A bat skeleton (D:6)
  8 giant cockroaches
  22 hobgoblins
  11 jackals
  A quokka (D:4)
  2 ball pythons
  6 giant newts
  A giant spore (D:11)
  21 goblins
  A hobgoblin zombie (D:5)
  27 kobolds
  An orc skeleton (D:10)
  24 rats
  A rat skeleton (D:4)
  A rat zombie (D:5)
  3 ballistomycetes (D:11)
339 creatures vanquished.

Vanquished Creatures (others)
  A shadow (D:11)
  A jelly (D:10)
2 creatures vanquished.

Grand Total: 341 creatures vanquished

Notes
Turn   | Place    | Note
--------------------------------------------------------------
     0 | D:1      | Malachi, the Vampire Berserker, began the quest for the Orb.
     0 | D:1      | Reached XP level 1. HP: 18/18 MP: 1/1
    64 | D:1      | Reached skill level 3 in Axes
    86 | D:1      | Reached XP level 2. HP: 10/24 MP: 2/2
   437 | D:1      | Reached XP level 3. HP: 25/29 MP: 1/3
   475 | D:1      | Found a shimmering altar of Xom.
   484 | D:1      | Acquired Trog's second power
   814 | D:2      | Reached skill level 4 in Axes
  1294 | D:2      | Found a bloodstained altar of Trog.
  1294 | D:2      | Found an iron altar of Okawaru.
  1397 | D:3      | Noticed Grinder
  1409 | D:3      | Killed Grinder
  1409 | D:3      | Reached skill level 6 in Axes
  1409 | D:3      | Reached XP level 4. HP: 10/36 MP: 1/4
  1409 | D:3      | Reached XP level 5. HP: 11/41 MP: 1/5
  1409 | D:3      | Reached XP level 6. HP: 12/47 MP: 1/6
  1567 | D:3      | Noticed Jessica
  1583 | D:3      | Killed Jessica
  2392 | D:4      | HP: 1/70 [orc priest/nerve-wracking pain (6)]
  2873 | D:4      | Reached skill level 7 in Axes
  2894 | D:4      | Reached XP level 7. HP: 32/53 MP: 5/7
  2908 | D:4      | Acquired Trog's third power
  2926 | D:4      | Paralysed by a giant eyeball for 4 turns
  2933 | D:4      | Paralysed by a giant eyeball for 3 turns
  3184 | D:4      | Reached skill level 8 in Axes
  3334 | D:5      | Entered Level 5 of the Dungeon
  3440 | D:5      | Found a staircase to the Ecumenical Temple.
  3844 | D:5      | Noticed Eustachio
  3858 | D:5      | Reached XP level 8. HP: 56/59 MP: 6/8
  3858 | D:5      | Killed Eustachio
  3858 | D:5      | Reached skill level 9 in Axes
  4182 | D:6      | Found a staircase to the Orcish Mines.
  4233 | D:6      | Found a white marble altar of Elyvilon.
  4233 | D:6      | Found a sparkling altar of Nemelex Xobeh.
  4235 | D:6      | Found a radiant altar of Vehumet.
  4236 | D:6      | Found a shimmering altar of Xom.
  4351 | D:6      | Reached skill level 10 in Axes
  4457 | D:6      | Gained mutation: You have an increased reservoir of magic (+10% MP). [potion of beneficial mutation]
  4653 | D:7      | Found Ceofom's General Store.
  4880 | D:7      | Noticed Menkaure
  4890 | D:7      | Killed Menkaure
  4913 | D:7      | Found a snail-covered altar of Cheibriados.
  5063 | D:7      | Reached XP level 9. HP: 44/65 MP: 4/9
  5346 | D:8      | Received a gift from Trog
  5480 | D:8      | Reached skill level 11 in Axes
  6084 | D:9      | Reached skill level 5 in Armour
  6178 | D:9      | Reached XP level 10. HP: 46/73 MP: 9/11
  6300 | D:9      | Found a flagged portal.
  6328 | Bailey   | Entered a bailey
  6717 | D:9      | Received a gift from Trog
  6717 | D:9      | Reached skill level 1 in Throwing
  6720 | D:9      | Reached skill level 12 in Axes
  6985 | D:10     | Entered Level 10 of the Dungeon
  7046 | D:10     | Found Adghanuaz's Weapon Emporium.
  7123 | D:10     | Received a gift from Trog
  7153 | D:10     | HP: 2/73 [centaur/arrow (8)]
  7413 | D:10     | Found a staircase to the Lair.
  7581 | D:10     | Noticed a hill giant
  7588 | D:10     | Killed a hill giant
  7588 | D:10     | Reached skill level 5 in Fighting
  7712 | D:10     | Found a deep blue altar of Sif Muna.
  8046 | D:10     | Reached XP level 11. HP: 67/80 MP: 9/12
  8142 | D:11     | Noticed a hill giant
  8146 | D:11     | Paralysed by a giant eyeball for 2 turns
  8154 | D:11     | Paralysed by a giant eyeball for 4 turns
  8156 | D:11     | Mangled by a hill giant

Action                   |  1- 3 |  4- 6 |  7- 9 | 10-12 || total
-------------------------+-------+-------+-------+-------++-------
Melee: Hand axe          |   124 |   123 |   409 |   272 ||   928
Throw: Tomahawk          |       |       |       |    33 ||    33
Invok: Berserk           |     2 |     1 |     2 |     4 ||     9
 Abil: Bottle Blood      |       |       |     2 |       ||     2
  Use: Potion            |     1 |       |     4 |     7 ||    12
       Scroll            |       |       |    24 |     6 ||    30
 Stab: Sleeping          |     2 |       |       |       ||     2
